 Dungeon Crawl Stone Soup version 0.25-a0-835-gb37b1c2 (webtiles) character file.

Game seed: 11425091731368733911, levelgen mode: deterministic

3502 BlueFish the Carver (level 9, -4/81 HPs)
             Began as a Minotaur Fighter on Apr 24, 2020.
             Was a Believer of Yredelemnul.
             Slain by a death yak (13 damage)
             ... on level 8 of the Dungeon.
             The game lasted 00:21:53 (9519 turns).

BlueFish the Carver (Minotaur Fighter)              Turns: 9519, Time: 00:21:54

Health: -4/81      AC: 10    Str: 20    XL:     9   Next: 80%
Magic:  10/10      EV: 11    Int:  5    God:    Yredelemnul [**....]
Gold:   513        SH:  0    Dex: 14    Spells: 8/8 levels left

rFire    . . .     SeeInvis .   a - +1 long sword
rCold    . . .     Gourm    .   (no shield)
rNeg     . . .     Faith    .   b - +1 scale mail
rPois    .         Spirit   .   (helmet restricted)
rElec    .         Reflect  .   (no cloak)
rCorr    .         Harm     .   t - +0 pair of gloves
MR       .....                  (no boots)
Stlth    ..........             (no amulet)
HPRegen  0.23/turn              (no ring)
MPRegen  0.12/turn              (no ring)

@: no status effects
A: retaliatory headbutt, horns 2
a: Animate Remains, Recall Undead Slaves, Injury Mirror, Renounce Religion


You were on level 8 of the Dungeon.
You worshipped Yredelemnul.
Yredelemnul was pleased with you.
You were not hungry.

You visited 2 branches of the dungeon, and saw 9 of its levels.

You collected 513 gold pieces.

Inventory:

Hand Weapons
 a - a +1 long sword (weapon)
 r - a +0 scimitar
Armour
 b - a +1 scale mail (worn)
 c - a +0 kite shield
 t - a +0 pair of gloves (worn)
Wands
 i - a wand of disintegration (10)
 o - a wand of iceblast (8)
 q - a wand of paralysis (7)
Scrolls
 h - 4 scrolls of teleportation
 k - 7 scrolls of remove curse
 n - 3 scrolls of enchant weapon
 p - a scroll of fear
 s - 2 scrolls of amnesia
Potions
 d - a potion of might
 e - a potion of lignification
 g - a potion of curing
 j - a potion of berserk rage
 l - 3 potions of brilliance {unknown}
 m - a potion of haste
Comestibles
 f - 16 rations
 u - 7 chunks of flesh


   Skills:
 * Level 8.1 Fighting
 * Level 11.4 Long Blades
 * Level 9.2 Armour
 + Level 2.5 Dodging
 + Level 4.1 Shields
 * Level 3.2 Invocations


You had 8 spell levels left.
You didn't know any spells.
Your spell library was empty.

Dungeon Overview and Level Annotations

Branches:
Dungeon (8/15)             Temple (1/1) D:5            Lair (0/6) D:8

Altars:
Ashenzari
Cheibriados
Elyvilon
Fedhas
Gozag
Hepliaklqana
Kikubaaqudgha
Okawaru
Qazlal
Ru
Sif Muna
Trog
Uskayaw
Wu Jian
Xom
Yredelemnul
The Shining One


Innate Abilities, Weirdness & Mutations

You reflexively headbutt those who attack you in melee.
You have a pair of horns on your head.


Message History

* * * LOW HITPOINT WARNING * * *
You hear a shout!
The hound bites you but does no damage.
You slash the hound!
You headbutt the hound, but do no damage.
The hound is heavily wounded.
The hound barely misses you.
As you read the scroll of fear, it crumbles to dust.
You assume a fearsome visage.
The death yak resists with almost no effort. x2
The death yak easily resists.
The death yak looks frightened!
The hound looks frightened!
The orc warrior looks frightened!
The orc priest looks frightened!
The orc looks frightened!
The death yak misses you. You furiously retaliate!
You headbutt the death yak, but do no damage.
The death yak gores you.
* * * LOW HITPOINT WARNING * * *
The death yak gores you!
You die...
Your body rises from the dead as a mindless zombie.

.............#.##.)##.##
...............#.#.#.##.
####......Y###.####.#...
####.#### #.#.......# #Y#
#Y#.#..###) #.# #........"# #Y#
#..........
##############Y#######))###..##
##..#..#...#..#@##.#..##'###..##
#...............................
#...................#.).........
#............##..####.##..###...
#.....aĆ·.....########.#####
#... #.....##.....##.....>.#
###'############.......#
.##....##.....######...#
..............##..##Y####


You could see 3 death yaks.

Vanquished Creatures
  A death yak (D:8)
  Grinder (D:6)
  Sigmund (D:4)
  A hungry ghost (D:8)
  Menkaure (D:4)
  2 orc warriors
  A phantom (D:6)
  An ice beast (D:7)
  A sky beast (D:7)
  A necrophage (D:7)
  5 ogres
  A bullfrog (D:7)
  3 scorpions (D:6)
  A wight (D:7)
  A centaur zombie (D:7)
  4 crimson imps
  A bullfrog zombie (D:3)
  3 orc priests
  7 orc wizards
  A gnoll shaman (D:8)
  3 iguanas
  Ijyb (D:4)
  Natasha (thrice) (D:3)
  7 worker ants
  12 adders
  A howler monkey skeleton (D:4)
  A white imp (D:7)
  An ooze (D:2)
  An adder zombie (D:7)
  3 worms
  A dart slug (D:3)
  6 leopard geckos
  29 orcs
  4 bats
  8 giant cockroaches
  9 goblins
  11 hobgoblins
  6 jackals
  5 quokkas
  4 ball pythons
  5 frilled lizards
  A goblin zombie (D:7)
  A hobgoblin zombie (D:7)
  6 kobolds
  A kobold skeleton (D:7)
  2 kobold zombies (D:7)
  A leopard gecko zombie (D:5)
  An orc skeleton (D:7)
  2 orc zombies (D:7)
  A quokka skeleton (D:7)
  6 rats
181 creatures vanquished.

Vanquished Creatures (others)
  A centaur (D:7)
  An iguana (D:7)
  A worker ant zombie (D:8)
  An adder (D:7)
  A gnoll skeleton (D:8)
  A leopard gecko (D:7)
  A giant cockroach (D:7)
  3 orc skeletons (D:8)
10 creatures vanquished.

Grand Total: 191 creatures vanquished

Notes
Turn   | Place    | Note
-------+----------+-------------------------------------------
     0 | D:1      | BlueFish the Minotaur Fighter began the quest for the Orb.
     0 | D:1      | Reached XP level 1. HP: 19/19 MP: 0/0
   311 | D:1      | Reached XP level 2. HP: 26/27 MP: 1/1
  1240 | D:2      | Reached skill level 3 in Long Blades
  1240 | D:2      | Reached XP level 3. HP: 33/33 MP: 2/2
  2210 | D:3      | Reached XP level 4. HP: 39/40 MP: 3/3
  2231 | D:3      | Reached skill level 4 in Long Blades
  2486 | D:3      | Reached XP level 5. HP: 47/47 MP: 4/4
  2583 | D:3      | Found a white marble altar of Elyvilon.
  2714 | D:3      | Reached skill level 5 in Long Blades
  2729 | D:3      | Found an ancient bone altar of Kikubaaqudgha.
  2994 | D:4      | Reached skill level 5 in Armour
  3035 | D:4      | Reached XP level 6. HP: 39/53 MP: 5/5
  3179 | D:4      | Found an iron altar of Okawaru.
  3179 | D:4      | Noticed Ijyb
  3187 | D:4      | Killed Ijyb
  3257 | D:4      | Noticed Menkaure
  3263 | D:4      | Reached skill level 6 in Long Blades
  3265 | D:4      | Killed Menkaure
  3265 | D:4      | Reached skill level 5 in Fighting
  3265 | D:4      | Reached XP level 7. HP: 19/61 MP: 6/6
  3481 | D:4      | Noticed Natasha
  3481 | D:4      | Noticed Sigmund
  3496 | D:3      | Killed Natasha
  3797 | D:3      | Noticed Natasha
  3807 | D:3      | Killed Natasha
  4104 | D:3      | Noticed Natasha
  4111 | D:3      | Killed Natasha
  4315 | D:4      | Reached skill level 7 in Long Blades
  4475 | D:4      | Killed Sigmund
  4615 | D:5      | Entered Level 5 of the Dungeon
  4637 | D:5      | Reached skill level 1 in Dodging
  4654 | D:5      | Found a blossoming altar of Fedhas.
  4799 | D:5      | Reached XP level 8. HP: 70/70 MP: 7/7
  4873 | D:5      | Found a staircase to the Ecumenical Temple.
  4883 | Temple   | Entered the Ecumenical Temple
  4910 | Temple   | Became a worshipper of Yredelemnul the Dark
  5073 | D:5      | Found a shattered altar of Ashenzari.
  5781 | D:6      | Reached skill level 8 in Long Blades
  6102 | D:6      | Reached skill level 1 in Invocations
  6672 | D:6      | Noticed Grinder
  6672 | D:6      | Paralysed by Grinder for 3 turns
  6676 | D:6      | Paralysed by Grinder for 6 turns
  6691 | D:6      | Killed Grinder
  6691 | D:6      | Reached skill level 9 in Long Blades
  7217 | D:7      | Reached * piety under Yredelemnul
  7325 | D:7      | Reached XP level 9. HP: 38/78 MP: 9/9
  7463 | D:7      | Found a glowing golden altar of the Shining One.
  7826 | D:7      | Found a hazy altar of Hepliaklqana.
  7977 | D:7      | Reached skill level 10 in Long Blades
  8008 | D:7      | Found a shimmering altar of Xom.
  8478 | D:8      | Reached ** piety under Yredelemnul
  8636 | D:8      | Noticed a death yak
  8638 | D:8      | Noticed a death yak
  8911 | D:8      | Noticed a death yak
  8916 | D:8      | Noticed a death yak
  8917 | D:8      | Noticed a death yak
  8919 | D:8      | Noticed a death yak
  8923 | D:8      | Killed a death yak
  8923 | D:8      | Reached skill level 11 in Long Blades
  8952 | D:8      | Found a staircase to the Lair.
  9519 | D:8      | Slain by a death yak

Levels and vault maps discovered:
D:1:      psy_arrival_whirlpool, layout_basic
D:2:      layout_basic
D:3:      layout_loops_cross, lemuel_round_altar, elyvilon_altar_3,
          minmay_door_square, minmay_circle_x
D:4:      minmay_wonky_spiral, layout_gridville, okawaru_gym_becter,
          first_ration, uniq_menkaure, uniq_natasha, uniq_sigmund, uniq_ijyb
D:5:      layout_layer_cave, lemuel_round_altar, minmay_temple_entry_crystal_x,
          st_stairs_13, fedhas_altar_1
D:6:      corexii_shack_village, layout_loops_ring, kennysheep_another_room,
          uniq_grinder
D:7:      layout_gridville, xom_confusion_cloud, nicolae_tso_besieged_by_evil,
          lemuel_doored_altar, serial_glass, glass_columns_c, glass_columns_b
D:8:      layout_gridville, nicolae_overflow_hidden_temple, dpeg_lair_monsters,
          minmay_shattered_shrine
Temple:   cyrus_temple_forest

Skill      XL: |  1  2  3  4  5  6  7  8  9 |
---------------+----------------------------+-----
Fighting       | 4 5 6 8 |  8.1
Armour         | 4 5 7 8 9 |  9.2
Shields        | 4 |  4.1
Long Blades    | 3 4 5 6 7 9 11 | 11.4
Dodging        | 1 2 |  2.5
Invocations    | 2 3 |  3.2

Action                   |  1- 3 |  4- 6 |  7- 9 || total
-------------------------+-------+-------+-------++-------
Melee: Long sword        |    74 |   108 |   341 ||   523
       Headbutt          |     8 |    28 |    77 ||   113
Invok: Animate Remains   |       |       |     5 ||     5
  Use: Scroll            |     9 |     1 |     8 ||    18
       Potion            |       |     1 |     1 ||     2
  Eat: Chunk             |     4 |     4 |    23 ||    31
Armor: Scale mail        |    44 |    48 |   113 ||   205
Dodge: Dodged            |    40 |    66 |   148 ||   254
       Rpst.: Long sword |    10 |    19 |    39 ||    68

Table legend:
 A = Non-vault XP
 B = Vault XP
 C = Vault XP percentage of total XP
 D = Non-vault monster count
 E = Vault monster count
 F = Vault count percentage of total count
                 A         B        C        D         E       F
            +---------+---------+-------+---------+---------+-------
      Total |    2881 |    2123 |  42.4 |     139 |      42 |  23.2
            +---------+---------+-------+---------+---------+-------
        D:1 |      26 |       0 |   0.0 |      16 |       0 |   0.0
        D:2 |      44 |       0 |   0.0 |       9 |       0 |   0.0
        D:3 |     243 |      63 |  20.6 |      33 |       8 |  19.5
        D:4 |     327 |     419 |  56.2 |      17 |       5 |  22.7
        D:5 |     439 |       0 |   0.0 |      11 |       0 |   0.0
        D:6 |     607 |     299 |  33.0 |      14 |      12 |  46.2
        D:7 |     673 |     322 |  32.4 |      26 |      13 |  33.3
        D:8 |     522 |    1020 |  66.1 |      13 |       4 |  23.5
            +---------+---------+-------+---------+---------+-------
